 Dungeon Crawl Stone Soup version 0.31-a0-662-g684573625c (webtiles) character file.

Game seed: 14855784857638269417

11366 holysushi the Slicer (level 11, -14/51 HPs)
             Began as a Vine Stalker Monk on Sept 1, 2023.
             Was an Elder of Wu Jian.
             Demolished by an ettin
             ... wielding a +0 dire flail
              (28 damage)
             ... on level 1 of the Orcish Mines.
             The game lasted 00:22:30 (10798 turns).

holysushi the Slicer (Vine Stalker Monk)           Turns: 10798, Time: 00:22:31

Health: -14/51     AC: 10    Str: 14    XL:     11   Next: 76%
Magic:  0/12       EV: 23    Int: 10    God:    Wu Jian [****..]
Gold:   10         SH: 16    Dex: 25    Spells: 10/10 levels left

rFire   . . .        H - +1 dagger (venom)
rCold   + . .        g - +0 kite shield
rNeg    + . .        s - +1 leather armour of Elyvilon's Displeasure {Rampage rC+ rN+ SInv}
rPois   .            l - +2 helmet
rElec   .            (no cloak)
rCorr   +            n - +2 pair of gloves
SInv    +            (no boots)
Will    +....        C - amulet of reflection
Stlth   +++          f - ring "Siommir" {rCorr Dex+4}
HPRegen 1.08/turn    G - ring "Sudali" {EV+5 SInv}
MPRegen 0.13/turn

%: reflection, guardian spirit
@: about to teleport, on berserk cooldown, slowed, very slow
A: fangs 3, regeneration 1, magic shield, antimagic bite, no potion heal 2
a: Renounce Religion, Wall Jump, Serpent's Lash


You were on level 1 of the Orcish Mines.
You worshipped Wu Jian.
Wu Jian was greatly pleased with you.
You visited 3 branches of the dungeon, and saw 13 of its levels.
You also visited: Ossuary.

You collected 974 gold pieces.
You spent 964 gold pieces at shops.

Inventory:

Hand Weapons
 a - a +0 short sword of protection
 p - a +4 rapier
 y - a +2 rapier of flaming
 H - a +1 dagger of venom (weapon)
Missiles
 z - 4 throwing nets
Armour
 b - a +0 robe
 d - an orb of light
 e - a +2 robe of cold resistance
 g - a +0 kite shield (worn)
 l - a +2 helmet (worn)
 n - a +2 pair of gloves (worn)
 q - a +2 leather armour of fire resistance
 s - the +1 leather armour of Elyvilon's Displeasure (worn) {Rampage rC+ rN+ SInv}
   (You found it on level 6 of the Dungeon)

   rC+:       It protects you from cold.
   rN+:       It protects you from negative energy.
   SInv:      It lets you see invisible.
   Rampage:   It bestows one free step when moving towards enemies.
Jewellery
 f - the ring "Siommir" (left hand) {rCorr Dex+4}
   (You took it off a gnoll on level 9 of the Dungeon)

   [ring of resist corrosion]

   Dex+4:     It affects your dexterity (+4).
   rCorr:     It protects you from acid and corrosion.
 C - an amulet of reflection (around neck)
 G - the ring "Sudali" (right hand) {EV+5 SInv}
   (You bought it in a shop on level 1 of the Orcish Mines)

   [ring of evasion]

   EV+5:      It affects your evasion (+5).
   SInv:      It lets you see invisible.
Wands
 w - a wand of roots (5)
 B - a wand of mindburst (8)
 E - a wand of polymorph (5)
Scrolls
 h - 3 scrolls of noise
 k - a scroll of amnesia
 o - a scroll of identify
 t - 2 scrolls of vulnerability
Potions
 c - a potion of ambrosia
 i - 5 potions of enlightenment
 j - 3 potions of lignification
 m - 7 potions of curing
 r - a potion of berserk rage
 u - 5 potions of attraction {unknown}
 v - a potion of brilliance {unknown}
 A - a potion of mutation {unknown}
 F - 2 potions of might
Miscellaneous
 x - a box of beasts


   Skills:
 - Level 2.6 Fighting
 + Level 12.5 Short Blades
 + Level 10.0 Dodging
 - Level 5.0 Stealth
 + Level 3.1 Shields


You had 10 spell levels left.
You didn't know any spells.
Your spell library contained the following spells:

 Spells                   Type           Power      Damage    Failure   Level
 Cigotuvi's Dreadful Rot  Necr/Pois/Air  0%         N/A       94%         2
 Wereblood                Tmut           0%         N/A       94%         2
 Ignite Poison            Fire/Tmut/Pois 0%         N/A       99%         3
 Animate Dead             Necr           0%         N/A       100%        4
 Borgnjor's Vile Clutch   Necr/Erth      0%         N/A       100%        5
 Freezing Cloud           Conj/Ice/Air   0%         6-21      100%        5
 Irradiate                Conj/Tmut      0%         3d11      100%        5
 Death Channel            Necr           0%         N/A       100%        6


Dungeon Overview and Level Annotations

Branches:
Dungeon (11/15) Zot: 26908  Temple (1/1) D:7 Zot: 5961     Orc (1/2) D:10 Zot: 5784
Ossuary (visited)
   Lair: D:8-11

Altars:
Ashenzari
Cheibriados
Dithmenos
Elyvilon
Fedhas
Gozag
Hepliaklqana
Kikubaaqudgha
Makhleb
Nemelex Xobeh
Okawaru
Qazlal
Ru
Sif Muna
Trog
Uskayaw
Vehumet
Wu Jian
Xom
Yredelemnul
Zin
The Shining One

Shops:
D:5 *   Orc:1 =

Annotations:
D:3 1 transporter
D:6 exclusion: steam dragon
D:7 1 runed translucent door, exclusion: downstairs, Pokonic1's ghost, amateur DsFi
D:8 Gastronok


Innate Abilities, Weirdness & Mutations

You have razor-sharp teeth.
Your natural rate of healing is unusually fast.
When hurt, damage is shared between your health and your magic reserves.
Your bite disrupts and absorbs the magic of your enemies.
Potions cannot restore your health.


Message History

You hit the ettin.
The ettin looks as sick as possible!
Your bite misses the ettin.
The ettin is moderately wounded.
You block the ettin's attack. The ettin closely misses you.
Something unseen opens the door.
You puncture the ettin!
The ettin looks as sick as possible!
You bite the ettin. You drain its power.
You feel invigorated.
The ettin is heavily wounded.
You hit the ettin.
The ettin looks as sick as possible!
You bite the ettin. You drain its power.
You feel invigorated.
The ettin is severely wounded.
You block the ettin's attack. x2
An orc comes into view. It is wielding a +0 falchion.
An orc priest comes into view. It is wielding a +0 club.
You barely miss the ettin. Your bite misses the ettin.
The ettin is severely wounded.
An orc comes into view. It is wielding a +0 dagger.
The orc shouts!
The ettin attacks as it pursues you! You block the ettin's attack.
The ettin completely misses you.
An orc warrior comes into view. It is wielding a +0 trident.
There is an open door, spattered with blood here.
Items here: ))) [[ †.
You feel a strong urge to attack something.
The ogre shouts!
You hear a shout!
You are too berserk!
An orc wizard comes into view.
It is wielding a +0 dagger and wearing a +2 robe of willpower.
You feel your anger nearly subside.
The orc warrior shouts!
The orc wizard shouts!
You are no longer berserk.
You are exhausted.
You feel yourself slow down.
As you read the scroll of teleportation, it crumbles to dust.
You feel strangely unstable.
Okay, then.
Unknown command.
The ettin attacks as it pursues you! The ettin misses you.
The ettin hits you with a +0 dire flail!!!
Ouch! That really hurt!
You die...

......#.....o ...#
..........#o# .......
.#......o. #o# .......
....o....###'###..o.....
........O''+∩'''o.......
.........###)###T.......
..........##'##.........
...........#o#)........o
..#...@C.T.).o.........
. #.......####..$......
##.###.## ##.....#. ##
### #######


You could see an ettin (extremely poisoned), a troll, an orc warrior, an ogre,
an orc wizard and 2 orcs.

Vanquished Creatures
  Amaemon (D:8)
  Pikel (D:7)
  Maurice (D:10)
  Joseph (D:7)
  An orange demon (D:8)
  A gargoyle (D:10)
  An unseen horror (D:8)
  Prince Ribbit (D:7)
  2 wraiths
  11 yaks
  Grum (D:8)
  A steam dragon (D:7)
  Menkaure (D:5)
  Eustachio (D:5)
  4 water moccasins
  6 orc warriors
  A swamp drake (D:10)
  An ice beast (D:5)
  3 ogres (Orc:1)
  3 centaurs
  4 wolves (D:8)
  3 phantoms
  An elf zombie (D:7)
  A kobold brigand (D:9)
  4 elf skeletons (D:7)
  3 scorpions (D:6)
  3 bullfrogs
  5 gnoll sergeants (D:9)
  2 water moccasin zombies (D:6)
  10 wights
  A water moccasin skeleton (D:6)
  A wyvern skeleton (D:6)
  13 killer bees
  4 howler monkeys
  2 centaur zombies (Ossuary)
  A bullfrog zombie (D:6)
  4 human zombies
  7 hounds
  6 orc priests
  An iguana (D:6)
  A sleepcap (D:5)
  Jessica (D:2)
  4 gnoll boudas
  A human skeleton (D:7)
  9 orc wizards
  2 mummies (Ossuary)
  29 gnolls
  2 adders
  2 shadow imps
  4 white imps
  3 ufetubi
  2 adder zombies (Ossuary)
  A worm (D:2)
  2 dart slugs
  38 orcs
  4 ball pythons
  A bat (D:2)
  8 endoplasms
  A giant cockroach (D:4)
  4 goblins
  6 hobgoblins
  4 jackals
  9 kobolds
  3 quokkas
  6 frilled lizards (D:1)
  A goblin zombie (Ossuary)
  10 hobgoblin zombies (Ossuary)
  A jackal zombie (Ossuary)
  8 kobold zombies (Ossuary)
  4 orc skeletons (D:7)
  8 orc zombies (Ossuary)
  3 rats
  A rat zombie (Ossuary)
302 creatures vanquished.

Notes
Turn   | Place    | Note
-------+----------+-------------------------------------------
     0 | D:1      | holysushi the Vine Stalker Monk began the quest for the
                  | Orb.
     0 | D:1      | Reached XP level 1. HP: 11/11 MP: 2/2
   111 | D:1      | Reached skill level 3 in Short Blades
   118 | D:1      | Reached XP level 2. HP: 16/16 MP: 3/3
   725 | D:2      | Noticed Jessica
   731 | D:2      | Killed Jessica
   732 | D:2      | Reached skill level 4 in Short Blades
   732 | D:2      | Reached XP level 3. HP: 13/19 MP: 1/4
   906 | D:2      | Identified the staff "Rafylu Keuch" {rC+ Will++ Int-4 SInv
                  | Ice}
   997 | D:2      | Reached XP level 4. HP: 23/23 MP: 5/5
  1459 | D:3      | Found a transporter.
  1534 | D:3      | Reached skill level 5 in Short Blades
  1567 | D:3      | Reached XP level 5. HP: 27/27 MP: 4/6
  1568 | D:3      | You fall into a shaft and drop 3 floors!
  1692 | D:5      | Entered Level 5 of the Dungeon
  1693 | D:5      | Noticed an ogre
  1780 | D:6      | Identified the +1 leather armour of Elyvilon's Displeasure
                  | {Rampage rC+ rN+ SInv}
  1946 | D:5      | Reached XP level 6. HP: 30/32 MP: 4/7
  2346 | D:4      | Reached skill level 6 in Short Blades
  3083 | D:5      | Noticed Menkaure
  3233 | D:5      | Killed Menkaure
  3234 | D:5      | Reached XP level 7. HP: 34/35 MP: 6/8
  3382 | D:5      | Noticed Eustachio
  3404 | D:5      | Killed Eustachio
  3405 | D:5      | Reached skill level 7 in Short Blades
  3561 | D:5      | Found Buenenou's General Store.
  3568 | D:5      | Bought a scroll of identify for 22 gold pieces
  3568 | D:5      | Bought a scroll of blinking for 82 gold pieces
  3568 | D:5      | Bought a potion of degeneration for 11 gold pieces
  3744 | D:6      | Gained mutation: You have razor-sharp teeth. [Vine Stalker
                  | growth]
  3744 | D:6      | Reached XP level 8. HP: 29/39 MP: 9/9
  4009 | D:6      | Reached skill level 5 in Dodging
  4437 | D:6      | Reached skill level 8 in Short Blades
  4680 | D:7      | Reached XP level 9. HP: 43/43 MP: 10/10
  4681 | D:7      | Found a sand-covered staircase.
  4745 | Ossuary  | Entered an ossuary
  5057 | D:7      | Reached skill level 9 in Short Blades
  5107 | D:7      | Found a runed translucent door.
  5108 | D:7      | Noticed a two-headed ogre
  5108 | D:7      | Noticed Pokonic1's ghost (amateur DsFi)
  5312 | D:7      | Noticed Pikel
  5312 | D:7      | Noticed Prince Ribbit
  5341 | D:7      | Killed Pikel
  5369 | D:7      | Killed Prince Ribbit
  5521 | D:7      | Reached skill level 10 in Short Blades
  5541 | D:7      | Reached XP level 10. HP: 47/47 MP: 11/11
  5671 | D:7      | Found a staircase to the Ecumenical Temple.
  5702 | Temple   | Entered the Ecumenical Temple
  5721 | Temple   | Became a worshipper of the Wu Jian Council
  5721 | Temple   | Reached * piety under Wu Jian
  5721 | Temple   | Reached ** piety under Wu Jian
  5795 | D:7      | Noticed Joseph
  5810 | D:7      | Killed Joseph
  6287 | D:8      | Noticed Amaemon
  6328 | D:8      | Noticed an orange demon
  6343 | D:8      | Killed Amaemon
  6350 | D:8      | Killed an orange demon
  6366 | D:8      | Found a shimmering altar of Xom.
  6394 | D:8      | Noticed Gastronok
  6395 | D:8      | Noticed Grum
  6782 | D:8      | Reached skill level 10 in Dodging
  7326 | D:8      | HP: 1/47 [Grum/-1 spear (7)]
  7876 | D:8      | Killed Grum
  8285 | D:8      | Found a blossoming altar of Fedhas.
  8391 | D:8      | Noticed an unseen horror
  8440 | D:8      | Reached skill level 11 in Short Blades
  8490 | D:8      | Killed an unseen horror
  8491 | D:8      | Reached XP level 11. HP: 51/51 MP: 12/12
  8741 | D:9      | Reached skill level 1 in Stealth
  8758 | D:9      | Reached skill level 1 in Shields
  8761 | D:9      | Reached *** piety under Wu Jian
  8772 | D:9      | Identified the ring "Siommir" {rCorr Dex+4}
  9249 | D:9      | Identified the +8 sling of Kisusug {elec, rCorr MP+9 Str+5}
  9655 | D:10     | Entered Level 10 of the Dungeon
  9815 | D:10     | Noticed Maurice
  9825 | D:10     | Killed Maurice
  9970 | D:10     | Reached **** piety under Wu Jian
 10239 | D:10     | Reached skill level 12 in Short Blades
 10239 | D:10     | Reached skill level 5 in Stealth
 10330 | D:10     | Found a staircase to the Orcish Mines.
 10494 | D:11     | Noticed a manticore
 10569 | Orc:1    | Entered Level 1 of the Orcish Mines
 10716 | Orc:1    | Found Lyseq's Jewellery Shop.
 10716 | Orc:1    | Noticed an ettin
 10721 | Orc:1    | Bought the ring "Sudali" {EV+5 SInv} for 849 gold pieces
 10798 | Orc:1    | Demolished by an ettin

Illustrated notes

Levels and vault maps discovered:
D:1:      matt_arrival_refuge, layout_loops_ring, minmay_lizard_pond
D:2:      layout_basic, minmay_circle_x, uniq_jessica
D:3:      gammafunk_wand_slinger, layout_loops_ring, guppyfry_early_orc_mine
D:4:      layout_basic, minmay_pentomino_pile
D:5:      layout_basic, serial_shops, shop_fountains, uniq_menkaure,
          uniq_eustachio
D:6:      layout_basic, serial_undead, serial_undead_c, serial_undead_b,
          serial_undead_f, serial_undead_b
D:7:      layout_basic, minmay_temple_entry_overgrown,
          ebering_ghost_inner_flame, nicolae_ossuary_entry_catacombs,
          amethyst_killhole, grunt_decor_junction, uniq_pikel,
          uniq_prince_ribbit1, uniq_joseph
D:8:      layout_rooms, grunt_temple_overflow_open, uniq_amaemon,
          uniq_gastronok, uniq_grum
D:9:      layout_cave_pools, serial_gnoll_camp, gnoll_camp_huts_basic,
          gnoll_camp_mini_hut, gnoll_camp_mini_hut, gnoll_camp_mini_sergeant,
          gnoll_camp_mini_loothouse, gnoll_camp_medium_02, minmay_radiant
D:10:     layout_gridville, erik_orc_1, wad_rectangle_vault, uniq_maurice
D:11:     layout_rooms, grunt_lair_entry_orc_guard_hut, nicolae_water_bricks
Temple:   nicolae_temple_slightly_damp_pantheon
Orc:1:    layout_caves, basic_altar, serial_shops, nicolae_shop_real_fake_doors

Skill      XL: |  1  2  3  4  5  6  7  8  9 10 11 |
---------------+----------------------------------+-----
Short Blades   | 3 4 5 6 7 8 10 11 12 | 12.5
Dodging        | 3 4 6 7 10 | 10.0
Stealth        | 5 |  5.0
Shields        | 3 |  3.1
Fighting       | |  2.6

Action                     |  1- 3 |  4- 6 |  7- 9 | 10-12 || total
---------------------------+-------+-------+-------+-------++-------
  Melee: Short sword       |    63 |   175 |   558 |    97 ||   893
         Bite              |    18 |    75 |   223 |   218 ||   534
         Punch             |       |       |    10 |     5 ||    15
         Rapier            |       |       |       |   532 ||   532
         Dagger            |       |       |       |     7 ||     7
Ability: Whirlwind         |       |       |       |   166 ||   166
         Lunge             |       |       |       |    37 ||    37
         Wall Jump         |       |       |       |     1 ||     1
  Evoke: Wand              |       |       |       |     6 ||     6
    Use: Scroll            |       |    11 |     3 |    13 ||    27
         Potion            |       |       |     2 |     4 ||     6
   Stab: Sleeping          |       |       |     1 |     7 ||     8
         Distracted        |       |       |       |     1 ||     1
         Confused          |       |       |       |     1 ||     1
 Armour: Robe              |    21 |    33 |       |       ||    54
         Leather armour    |       |    42 |   185 |   197 ||   424
  Dodge: Dodged            |    31 |    83 |   259 |   363 ||   736
  Block: Kite shield       |       |       |       |   103 ||   103

Table legend: (Time is in decaauts)
 A = Elapsed time spent in this place.
 B = Non-inter-level travel time spent in this place.
 C = Inter-level travel time spent in this place.
 D = Time resting spent in this place.
 E = Time spent auto-exploring this place.
 F = Levels seen in this place.
 G = Mean time per level.
                   A        B        C        D        E       F      G
               +--------+--------+--------+--------+--------+-----+--------+
         Total |  10396 |   9584 |    812 |   1668 |   5114 |  14 |  742.6 |
       Dungeon |   9897 |   9121 |    776 |   1668 |   4925 |  11 |  899.7 |
        Temple |     38 |      3 |     35 |      0 |      0 |   1 |   38.0 |
  Orcish Mines |    214 |    214 |      0 |      0 |     97 |   1 |  214.0 |
       Ossuary |    246 |    246 |      0 |      0 |     92 |   1 |  246.0 |
               +--------+--------+--------+--------+--------+-----+--------+

Top non-repeatable levels by time:
     D:7: 1813 daAuts
     D:8: 1803 daAuts
     D:4: 1105 daAuts
     D:6: 1021 daAuts
     D:9: 1005 daAuts
    D:10: 839 daAuts
     D:5: 721 daAuts
     D:1: 699 daAuts
     D:2: 641 daAuts
 Ossuary: 246 daAuts
   Orc:1: 214 daAuts
     D:3: 202 daAuts
    D:11: 43 daAuts
  Temple: 38 daAuts
